Rampage vs Devils
Created - February 27, 2023 at 19:02
Goals
|
| Rampage |
0 |
2 |
1 |
3 |
| Devils |
3 |
1 |
0 |
4 |
|
Shots
|
| Rampage |
13 |
8 |
14 |
35 |
| Devils |
15 |
11 |
5 |
31 |
|
1st period
1. Devils , Damon Severson 5 (Valeri Nichushkin 34, Calvin Pickard) at 2:00 (PP)
2. Devils , Ondrej Kase 25 (Alan Quine 43, Valeri Nichushkin 35) at 7:10
3. Devils , Brett Howden 10 (Christian Wolanin 9, Mason Marchment 7) at 10:40
Penalties :
Dylan Sikura (San) for Delaying the game (Minor) at 1:48, Dalton Thrower (Bin) for Roughing (Minor) at 12:53, Emil Bemstrom (San) for Hooking (Minor) at 16:58
2nd period
4. Devils , Joonas Donskoi 22 (Reid Boucher 22, Miikka Salomaki 27) at 2:05
5. Rampage , Dominik Simon 23 (Travis Sanheim 44, Rourke Chartier 38) at 12:00
6. Rampage , Travis Sanheim 9 (Ryan Lomberg 15, T.J. Tynan 18) at 14:31 (PP)
Penalties :
Reid Boucher (Bin) for Interference (Minor) at 13:57, T.J. Tynan (San) for High sticking (Minor) at 16:29
3rd period
7. Rampage , Rourke Chartier 26 (Travis Sanheim 45, Dominik Simon 37) at 15:03
Penalties :
Mason Marchment (Bin) for Tripping (Minor) at 4:58, Ethan Bear (San) for Hooking (Minor) at 8:50, Eeli Tolvanen (Bin) for Hooking (Minor) at 11:09, Ilya Lyubushkin (Bin) for Slashing (Minor) at 15:21, Jake Bean (Bin) for Holding (Minor) at 19:01
Goalie Stats
Jake Oettinger (San), 15 saves from 15 shots - (1.000), 36:49 minutes
Magnus Hellberg (San), 12 saves from 16 shots - (0.750), L, 6-6-1, 22:05 minutes
Calvin Pickard (Bin), 32 saves from 35 shots - (0.914), W, 23-9-2, 60:00 minutes
Players Stats for Rampage
Player Name G A P +/- PIM S H SB GA TA FO MP PP MP PK MP
------------------------------------------------------------------------------------
Anthony Richard 0 0 0 0 0 2 3 0 0 0 3/5 12:41 0:26 2:20
Artturi Lehkonen 0 0 0 0 0 1 0 0 0 0 2/2 13:02 3:37 1:53
Collin Miller 0 0 0 -1 0 0 1 1 0 1 0/0 15:39 0:00 3:45
Connor Murphy 0 0 0 -1 0 0 1 0 0 0 0/0 12:36 0:00 0:46
Dominik Simon 1 1 2 -1 0 6 3 0 1 0 0/1 21:11 5:25 1:02
Dylan Sikura 0 0 0 0 2 1 2 0 0 0 0/1 13:32 0:00 1:09
Emil Bemstrom 0 0 0 0 2 2 0 1 1 0 1/1 10:17 0:06 0:00
Ethan Bear 0 0 0 0 2 0 1 1 0 1 0/0 25:53 5:45 1:38
Frederic Allard 0 0 0 0 0 0 0 0 0 0 0/0 0:00 0:00 0:00
Jean-Sebastien Dea 0 0 0 0 0 0 2 0 0 0 1/2 7:47 0:00 0:00
Jordan Kyrou 0 0 0 -1 0 1 1 1 0 0 2/4 20:13 5:45 0:00
Matt Roy 0 0 0 0 0 3 0 0 0 0 0/0 20:01 3:43 2:35
Pierre Engvall 0 0 0 0 0 1 0 0 0 0 0/0 14:00 0:26 3:19
Pierre-Luc Dubois 0 0 0 0 0 0 1 0 0 0 0/0 7:10 0:00 0:00
Rourke Chartier 1 1 2 -1 0 4 2 2 0 0 13/25 20:37 5:25 0:28
Ryan Lomberg 0 1 1 0 0 7 1 0 0 1 1/1 15:27 3:37 0:00
T.J. Tynan 0 1 1 0 2 0 0 0 1 0 3/11 17:38 3:37 2:07
Travis Sanheim 1 2 3 0 0 5 0 0 1 1 0/0 23:10 5:45 0:24
Vladislav Gavrikov 0 0 0 0 0 2 0 0 0 0 0/0 22:53 3:43 3:10
Players Stats for Devils
Player Name G A P +/- PIM S H SB GA TA FO MP PP MP PK MP
------------------------------------------------------------------------------------
Alan Quine 0 1 1 1 0 0 3 0 0 0 7/18 16:47 3:23 0:15
Brett Howden 1 0 1 1 0 1 1 0 0 0 3/6 11:05 0:00 1:57
Brett Seney 0 0 0 -1 0 1 0 0 0 0 0/1 12:57 0:21 3:16
Christian Wolanin 0 1 1 3 0 1 1 0 0 0 0/0 13:45 2:39 1:49
Conor Garland 0 0 0 -2 0 0 1 0 1 0 1/2 11:03 0:55 0:00
Dalton Thrower 0 0 0 0 2 1 2 0 0 0 0/0 15:41 0:00 3:02
Damon Severson 1 0 1 -2 0 3 0 0 1 1 0/0 20:52 3:30 0:00
Darren Dietz 0 0 0 0 0 3 0 1 0 0 0/0 20:41 3:30 3:51
Eeli Tolvanen 0 0 0 1 2 1 0 0 0 0 0/0 9:14 0:00 0:00
Ilya Lyubushkin 0 0 0 -2 2 0 1 2 0 0 0/0 21:40 0:00 4:22
Jake Bean 0 0 0 3 2 0 1 0 0 0 0/0 12:14 2:39 0:15
Jonny Brodzinski 0 0 0 -1 0 1 0 0 0 1 2/4 10:51 0:00 1:29
Joonas Donskoi 1 0 1 1 0 4 1 1 0 0 0/0 14:00 2:34 0:00
Mason Marchment 0 1 1 1 2 1 1 0 0 0 0/0 9:31 0:00 0:00
Miikka Salomaki 0 1 1 1 0 5 1 1 2 0 7/11 19:54 2:16 6:07
Ondrej Kase 1 0 1 0 0 8 1 2 0 2 1/3 22:46 2:49 5:36
Reid Boucher 0 1 1 1 2 0 1 0 0 0 6/8 13:59 2:34 0:00
Robbie Russo 0 0 0 0 0 0 0 3 0 0 0/0 10:41 0:00 5:37
Valeri Nichushkin 0 2 2 0 0 1 2 0 0 0 0/0 18:18 3:35 0:16
Wyatt Kalynuk 0 0 0 0 0 0 0 0 0 0 0/0 4:27 0:00 0:00
3 Stars
1 - Travis Sanheim (San)
2 - Dominik Simon (San)
3 - Joonas Donskoi (Bin)
Power Play
Rampage - 1 on 6 Attempt(s) - 16.67%
Devils - 1 on 4 Attempt(s) - 25.00%
Penalty Kill
Rampage - 3 on 4 Attempt(s) - 75.00%
- Score 0 goal in Penalty Kill
Devils - 5 on 6 Attempt(s) - 83.33%
- Score 0 goal in Penalty Kill
Team Stat
Rampage - Hits : 18 - Faceoff Wins : 26 - Blocked Shots : 6 - Penalty Minutes : 8
Devils - Hits : 17 - Faceoff Wins : 27 - Blocked Shots : 10 - Penalty Minutes : 12
Official
Referees : Reid Anderson and Beaudry Halkidis
Linesman : Kiel Murchison and Brad Kovachik
Game Notes
Jake Oettinger enters game at 2:05 of 2nd period
Alan Quine is injured at 14:51 of 3rd period (Bruised Left Leg)
Finance
Level 1 -- Attendance: 1995 (99.75%) -- Ticket Income $69,825
Level 2 -- Attendance: 904 (90.40%) -- Ticket Income $13,560
Total Attendance: 2899 (96.63%)
Total Ticket Income: $83,385
Other Income: $4,169
Total Income: $87,554
Rampage
5 vs 5 Forward
Center Left Wing Right Wing Time % Phy DF OF
1 Rourke Chartier Dominik Simon Jordan Kyrou 40 1 2 2
2 T.J. Tynan Ryan Lomberg Dylan Sikura 30 1 2 2
3 Anthony Richard Pierre Engvall Emil Bemstrom 20 1 2 2
4 Jean-Sebastien Dea Pierre-Luc Dubois Artturi Lehkonen 10 1 2 2
5 vs 5 Defense
Defense Defense Time % Phy DF OF
1 Travis Sanheim Ethan Bear 40 1 2 2
2 Vladislav Gavrikov Matt Roy 30 1 2 2
3 Connor Murphy Collin Miller 20 1 2 2
4 Vladislav Gavrikov Ethan Bear 10 1 2 2
PowerPlay Forward
Center Left Wing Right Wing Time % Phy DF OF
1 Rourke Chartier Dominik Simon Jordan Kyrou 60 1 2 2
2 T.J. Tynan Ryan Lomberg Artturi Lehkonen 40 1 2 2
PowerPlay Defense
Defense Defense Time % Phy DF OF
1 Travis Sanheim Ethan Bear 60 1 2 2
2 Matt Roy Vladislav Gavrikov 40 1 2 2
Penalty Kill 4 Players Forward
Center Wing Time % Phy DF OF
1 T.J. Tynan Pierre Engvall 60 1 2 2
2 Anthony Richard Dylan Sikura 40 1 2 2
Penalty Kill 4 Players Defense
Defense Defense Time % Phy DF OF
1 Collin Miller Vladislav Gavrikov 60 1 2 2
2 Matt Roy Ethan Bear 40 1 2 2
Penalty Kill - 3 Players Forward
Forward Time % Phy DF OF
1 Anthony Richard 60 1 2 2
2 T.J. Tynan 40 1 2 2
Penalty Kill - 3 Players Defense
Defense Defense Time % Phy DF OF
1 Connor Murphy Collin Miller 60 1 2 2
2 Vladislav Gavrikov Ethan Bear 40 1 2 2
4 vs 4 Forward
Center Wing Time % Phy DF OF
1 T.J. Tynan Pierre Engvall 60 1 2 2
2 Jean-Sebastien Dea Ryan Lomberg 40 1 2 2
4 vs 4 Defense
Defense Defense Time % Phy DF OF
1 Matt Roy Connor Murphy 60 1 2 2
2 Vladislav Gavrikov Travis Sanheim 40 1 2 2
Last Minutes Offensive
Center Left Wing Right Wing Defense Defense
Rourke Chartier Dominik Simon Jordan Kyrou Travis Sanheim Ethan Bear
Last Minutes Defensive
Center Left Wing Right Wing Defense Defense
T.J. Tynan Pierre Engvall Dylan Sikura Connor Murphy Vladislav Gavrikov
Goaltenders
Starting : Magnus Hellberg
Backup : Jake Oettinger
Extra Forwards
Normal : Pierre Engvall, T.J. Tynan, Jean-Sebastien Dea - PP : T.J. Tynan, Rourke Chartier - PK : Artturi Lehkonen
Extra Defensemen
Normal : Ethan Bear, Vladislav Gavrikov, Travis Sanheim - PP : Connor Murphy - PK : Collin Miller, Matt Roy
Penalty Shots
Jordan Kyrou, Rourke Chartier, Anthony Richard, Artturi Lehkonen, Dylan Sikura
Scratches
Adam Clendening (Healthy), Joachim Blichfeld (Abdominal Strain Injury), Trent Frederic (Healthy), Emil Larmi (Healthy)
Devils
5 vs 5 Forward
Center Left Wing Right Wing Time % Phy DF OF
1 Alan Quine Valeri Nichushkin Ondrej Kase 40 0 2 3
2 Reid Boucher Miikka Salomaki Joonas Donskoi 30 0 2 3
3 Jonny Brodzinski Brett Seney Conor Garland 20 0 2 3
4 Brett Howden Mason Marchment Eeli Tolvanen 10 0 2 3
5 vs 5 Defense
Defense Defense Time % Phy DF OF
1 Damon Severson Ilya Lyubushkin 40 0 3 2
2 Darren Dietz Dalton Thrower 30 0 3 2
3 Christian Wolanin Jake Bean 20 0 3 2
4 Robbie Russo Wyatt Kalynuk 10 0 3 2
PowerPlay Forward
Center Left Wing Right Wing Time % Phy DF OF
1 Alan Quine Valeri Nichushkin Ondrej Kase 60 0 0 5
2 Reid Boucher Miikka Salomaki Joonas Donskoi 40 0 0 5
PowerPlay Defense
Defense Defense Time % Phy DF OF
1 Damon Severson Darren Dietz 60 0 1 4
2 Christian Wolanin Jake Bean 40 0 1 4
Penalty Kill 4 Players Forward
Center Wing Time % Phy DF OF
1 Miikka Salomaki Ondrej Kase 60 1 3 1
2 Brett Howden Brett Seney 40 1 3 1
Penalty Kill 4 Players Defense
Defense Defense Time % Phy DF OF
1 Ilya Lyubushkin Robbie Russo 60 1 4 0
2 Dalton Thrower Darren Dietz 40 1 4 0
Penalty Kill - 3 Players Forward
Forward Time % Phy DF OF
1 Miikka Salomaki 60 1 3 1
2 Ondrej Kase 40 1 3 1
Penalty Kill - 3 Players Defense
Defense Defense Time % Phy DF OF
1 Ilya Lyubushkin Damon Severson 60 1 4 0
2 Dalton Thrower Darren Dietz 40 1 4 0
4 vs 4 Forward
Center Wing Time % Phy DF OF
1 Miikka Salomaki Ondrej Kase 60 0 2 3
2 Valeri Nichushkin Alan Quine 40 0 2 3
4 vs 4 Defense
Defense Defense Time % Phy DF OF
1 Damon Severson Darren Dietz 60 0 3 2
2 Dalton Thrower Ilya Lyubushkin 40 0 3 2
Last Minutes Offensive
Center Left Wing Right Wing Defense Defense
Alan Quine Valeri Nichushkin Ondrej Kase Damon Severson Darren Dietz
Last Minutes Defensive
Center Left Wing Right Wing Defense Defense
Alan Quine Miikka Salomaki Ondrej Kase Damon Severson Darren Dietz
Goaltenders
Starting : Calvin Pickard
Backup : Juuse Saros
Extra Forwards
Normal : Conor Garland, Brett Seney, Jonny Brodzinski - PP : Conor Garland, Brett Seney - PK : Jonny Brodzinski
Extra Defensemen
Normal : Robbie Russo, Christian Wolanin, Jake Bean - PP : Robbie Russo - PK : Christian Wolanin, Jake Bean
Penalty Shots
Miikka Salomaki, Ondrej Kase, Valeri Nichushkin, Alan Quine, Joonas Donskoi
Scratches
Cristiano Digiacinto (Healthy), Vincent Desharnais (Healthy)
% Time on Ice - Rampage
Lines # - Real PCT - Wanted PCT - Time Play
Normal Forward
1 - 33% - 40% - 14:35
2 - 29% - 30% - 12:51
3 - 22% - 20% - 9:33
4 - 16% - 10% - 7:10
Normal Defense
1 - 40% - 40% - 17:32
2 - 31% - 30% - 13:43
3 - 25% - 20% - 11:09
4 - 4% - 10% - 1:45
PP Forward
1 - 62% - 60% - 5:51
2 - 38% - 40% - 3:37
PP Defense
1 - 61% - 60% - 5:45
2 - 39% - 40% - 3:43
PK Forward
1 - 81% - 60% - 5:00
2 - 19% - 40% - 1:09
PK Defense
1 - 51% - 60% - 3:10
2 - 49% - 40% - 2:59
PK3 Forward
1 - 0% - 60%
2 - 0% - 40%
PK3 Defense
1 - 0% - 60%
2 - 0% - 40%
44 Forward
1 - 0% - 60%
2 - 0% - 40%
44 Defense
1 - 0% - 60%
2 - 0% - 40%
Last Minute Offensive - 0:14
Last Minute Defensive - 0:00
Total
Forward - 60:00
Defense - 60:00
|
% Time on Ice - Devils
Lines # - Real PCT - Wanted PCT - Time Play
Normal Forward
1 - 34% - 40% - 14:58
2 - 26% - 30% - 11:27
3 - 20% - 20% - 8:41
4 - 21% - 10% - 9:07
Normal Defense
1 - 41% - 40% - 17:59
2 - 29% - 30% - 12:42
3 - 21% - 20% - 9:05
4 - 10% - 10% - 4:27
PP Forward
1 - 58% - 60% - 3:35
2 - 42% - 40% - 2:34
PP Defense
1 - 57% - 60% - 3:30
2 - 43% - 40% - 2:39
PK Forward
1 - 79% - 60% - 7:31
2 - 21% - 40% - 1:57
PK Defense
1 - 59% - 60% - 5:37
2 - 41% - 40% - 3:51
PK3 Forward
1 - 0% - 60%
2 - 0% - 40%
PK3 Defense
1 - 0% - 60%
2 - 0% - 40%
44 Forward
1 - 0% - 60%
2 - 0% - 40%
44 Defense
1 - 0% - 60%
2 - 0% - 40%
Last Minute Offensive - 0:00
Last Minute Defensive - 0:10
Total
Forward - 60:00
Defense - 60:00
|
Play-by-Play
1st period
0:01 of 1st period - Alan Quine wins face-off versus Rourke Chartier in neutral zone.
0:04 of 1st period - Rourke Chartier is hit by Valeri Nichushkin and loses puck.
0:34 of 1st period - Snap shot by Miikka Salomaki.
0:34 of 1st period - Stopped by Magnus Hellberg with a rebound.
0:36 of 1st period - Slapshot by Darren Dietz.
0:36 of 1st period - Stopped by Magnus Hellberg with a rebound.
0:52 of 1st period - Snap shot by Anthony Richard.
0:52 of 1st period - Shot Misses the Net.
0:54 of 1st period - Wrist shot by Travis Sanheim.
0:54 of 1st period - Deflect By Dalton Thrower.
0:54 of 1st period - Stopped by Calvin Pickard without a rebound.
0:55 of 1st period - Jean-Sebastien Dea wins face-off versus Brett Howden in Devils zone.
1:04 of 1st period - Snap shot by Artturi Lehkonen.
1:04 of 1st period - Shot Misses the Net.
1:41 of 1st period - Wrist shot by Ryan Lomberg.
1:41 of 1st period - Stopped by Calvin Pickard with a rebound.
1:48 of 1st period - Minor Penalty to Dylan Sikura for Delaying the game.
1:49 of 1st period - T.J. Tynan wins face-off versus Alan Quine in Rampage zone.
2:00 of 1st period - Snap shot by Damon Severson.
2:00 of 1st period - Goal by Damon Severson - Rampage : 0 - Devils : 1.
2:01 of 1st period - Anthony Richard wins face-off versus Brett Seney in neutral zone.
3:15 of 1st period - Icing by Vladislav Gavrikov.
3:16 of 1st period - Rourke Chartier wins face-off versus Alan Quine in Rampage zone.
3:31 of 1st period - Snap shot by Rourke Chartier.
3:31 of 1st period - Stopped by Calvin Pickard with a rebound.
4:36 of 1st period - Artturi Lehkonen is hit by Mason Marchment and loses puck.
5:17 of 1st period - Slapshot by Travis Sanheim.
5:17 of 1st period - Shot Misses the Net.
5:58 of 1st period - Icing by Eeli Tolvanen.
5:59 of 1st period - Brett Howden wins face-off versus Anthony Richard in Devils zone.
6:46 of 1st period - Snap shot by Ondrej Kase.
6:46 of 1st period - Stopped by Magnus Hellberg with a rebound.
7:10 of 1st period - Slapshot by Ondrej Kase.
7:10 of 1st period - Goal by Ondrej Kase - Rampage : 0 - Devils : 2.
7:11 of 1st period - Reid Boucher wins face-off versus Rourke Chartier in neutral zone.
7:47 of 1st period - Wrist shot by Brett Seney.
7:47 of 1st period - Stopped by Magnus Hellberg with a rebound.
8:27 of 1st period - Wrist shot by Ondrej Kase.
8:27 of 1st period - Stopped by Magnus Hellberg with a rebound.
9:38 of 1st period - Snap shot by Emil Bemstrom.
9:38 of 1st period - Shot Misses the Net.
10:36 of 1st period - Wrist shot by Mason Marchment.
10:36 of 1st period - Stopped by Magnus Hellberg with a rebound.
10:38 of 1st period - Slapshot by Christian Wolanin.
10:38 of 1st period - Stopped by Magnus Hellberg with a rebound.
10:40 of 1st period - Wrist shot by Brett Howden.
10:40 of 1st period - Goal by Brett Howden - Rampage : 0 - Devils : 3.
10:41 of 1st period - Jordan Kyrou wins face-off versus Alan Quine in neutral zone.
10:50 of 1st period - Snap shot by Alan Quine.
10:50 of 1st period - Shot Blocked by Collin Miller.
10:52 of 1st period - Slapshot by Dalton Thrower.
10:52 of 1st period - Shot Blocked by Rourke Chartier.
10:54 of 1st period - Snap shot by Ondrej Kase.
10:54 of 1st period - Stopped by Magnus Hellberg without a rebound.
10:55 of 1st period - Reid Boucher wins face-off versus T.J. Tynan in Rampage zone.
11:28 of 1st period - Wrist shot by Rourke Chartier.
11:28 of 1st period - Stopped by Calvin Pickard without a rebound.
11:29 of 1st period - Rourke Chartier wins face-off versus Alan Quine in Devils zone.
11:54 of 1st period - Dylan Sikura is hit by Miikka Salomaki.
12:00 of 1st period - Snap shot by Ryan Lomberg.
12:00 of 1st period - Stopped by Calvin Pickard without a rebound.
12:01 of 1st period - Reid Boucher wins face-off versus Jordan Kyrou in Devils zone.
12:28 of 1st period - Wrist shot by Ryan Lomberg.
12:28 of 1st period - Stopped by Calvin Pickard with a rebound.
12:53 of 1st period - Minor Penalty to Dalton Thrower for Roughing.
12:54 of 1st period - Miikka Salomaki wins face-off versus Dominik Simon in Devils zone.
13:06 of 1st period - Snap shot by Jordan Kyrou.
13:06 of 1st period - Shot Blocked by Ilya Lyubushkin.
13:08 of 1st period - Wrist shot by Matt Roy.
13:08 of 1st period - Stopped by Calvin Pickard without a rebound.
13:09 of 1st period - Rourke Chartier wins face-off versus Ondrej Kase in Devils zone.
13:14 of 1st period - Snap shot by Dominik Simon.
13:14 of 1st period - Shot Misses the Net.
13:16 of 1st period - Snap shot by Travis Sanheim.
13:16 of 1st period - Shot Blocked by Miikka Salomaki.
13:18 of 1st period - Snap shot by Rourke Chartier.
13:18 of 1st period - Shot Blocked by Robbie Russo.
13:20 of 1st period - Slapshot by Dominik Simon.
13:20 of 1st period - Stopped by Calvin Pickard with a rebound.
14:53 of 1st period - Penalty to Dalton Thrower is over, Dalton Thrower is back on ice.
14:55 of 1st period - Icing by Jordan Kyrou.
14:56 of 1st period - Rourke Chartier wins face-off versus Brett Howden in Rampage zone.
15:46 of 1st period - Off-side.
15:47 of 1st period - Reid Boucher wins face-off versus T.J. Tynan in neutral zone.
15:56 of 1st period - Ilya Lyubushkin is hit by Ryan Lomberg and loses puck.
16:01 of 1st period - Snap shot by Ryan Lomberg.
16:01 of 1st period - Stopped by Calvin Pickard with a rebound.
16:03 of 1st period - Wrist shot by T.J. Tynan.
16:03 of 1st period - Shot Misses the Net.
16:05 of 1st period - Slapshot by Dylan Sikura.
16:05 of 1st period - Stopped by Calvin Pickard with a rebound.
16:07 of 1st period - Wrist shot by Ryan Lomberg.
16:07 of 1st period - Shot Misses the Net.
16:27 of 1st period - Slapshot by Miikka Salomaki.
16:27 of 1st period - Stopped by Magnus Hellberg with a rebound.
16:31 of 1st period - Wrist shot by Joonas Donskoi.
16:31 of 1st period - Stopped by Magnus Hellberg without a rebound.
16:32 of 1st period - Alan Quine wins face-off versus Rourke Chartier in Rampage zone.
16:33 of 1st period - Snap shot by Ondrej Kase.
16:33 of 1st period - Stopped by Magnus Hellberg with a rebound.
16:41 of 1st period - Snap shot by Rourke Chartier.
16:41 of 1st period - Stopped by Calvin Pickard with a rebound.
16:58 of 1st period - Minor Penalty to Emil Bemstrom for Hooking.
16:59 of 1st period - Alan Quine wins face-off versus T.J. Tynan in Rampage zone.
17:28 of 1st period - T.J. Tynan is hit by Joonas Donskoi and loses puck.
18:58 of 1st period - Penalty to Emil Bemstrom is over, Emil Bemstrom is back on ice.
19:42 of 1st period - Snap shot by Dominik Simon.
19:42 of 1st period - Stopped by Calvin Pickard without a rebound.
19:43 of 1st period - Anthony Richard wins face-off versus Jonny Brodzinski in Devils zone.
19:50 of 1st period - Snap shot by Brett Seney.
19:50 of 1st period - Deflect By Jonny Brodzinski.
19:50 of 1st period - Stopped by Magnus Hellberg with a rebound.
19:56 of 1st period - Snap shot by Emil Bemstrom.
19:56 of 1st period - Stopped by Calvin Pickard without a rebound.
19:57 of 1st period - T.J. Tynan wins face-off versus Alan Quine in Devils zone.
Goals for this period are 0 for Rampage vs 3 for Devils.
Shots for this period are 13 for Rampage vs 15 for Devils.
2nd period
0:01 of 2nd period - Alan Quine wins face-off versus Rourke Chartier in neutral zone.
0:14 of 2nd period - Alan Quine is hit by Jordan Kyrou and loses puck.
0:25 of 2nd period - Ryan Lomberg is hit by Ilya Lyubushkin and loses puck.
0:44 of 2nd period - Slapshot by Pierre Engvall.
0:44 of 2nd period - Stopped by Calvin Pickard without a rebound.
0:45 of 2nd period - Jonny Brodzinski wins face-off versus Anthony Richard in Devils zone.
1:10 of 2nd period - Dominik Simon is hit by Alan Quine.
1:36 of 2nd period - Wrist shot by Reid Boucher.
1:36 of 2nd period - Deflect By Miikka Salomaki.
1:36 of 2nd period - Shot Misses the Net.
1:36 of 2nd period - Puck is out of play.
1:37 of 2nd period - Reid Boucher wins face-off versus T.J. Tynan in Rampage zone.
2:03 of 2nd period - Snap shot by Reid Boucher.
2:03 of 2nd period - Shot Misses the Net.
2:05 of 2nd period - Snap shot by Joonas Donskoi.
2:05 of 2nd period - Goal by Joonas Donskoi - Rampage : 0 - Devils : 4.
2:05 of 2nd period - Jake Oettinger enters game.
2:06 of 2nd period - Rourke Chartier wins face-off versus Alan Quine in neutral zone.
3:32 of 2nd period - Ondrej Kase is hit by Jean-Sebastien Dea and loses puck.
3:56 of 2nd period - Damon Severson is hit by Dylan Sikura and loses puck.
4:13 of 2nd period - Slapshot by Damon Severson.
4:13 of 2nd period - Stopped by Jake Oettinger with a rebound.
4:55 of 2nd period - Artturi Lehkonen is hit by Reid Boucher and loses puck.
6:32 of 2nd period - Wrist shot by Dylan Sikura.
6:32 of 2nd period - Shot Blocked by Ilya Lyubushkin.
7:06 of 2nd period - Alan Quine is hit by Dominik Simon and loses puck.
7:33 of 2nd period - Slapshot by Alan Quine.
7:33 of 2nd period - Shot Misses the Net.
7:35 of 2nd period - Slapshot by Ondrej Kase.
7:35 of 2nd period - Stopped by Jake Oettinger with a rebound.
7:37 of 2nd period - Wrist shot by Ilya Lyubushkin.
7:37 of 2nd period - Shot Blocked by Rourke Chartier.
7:39 of 2nd period - Snap shot by Valeri Nichushkin.
7:39 of 2nd period - Deflect By Jordan Kyrou.
7:39 of 2nd period - Shot Misses the Net.
7:39 of 2nd period - Puck is out of play.
7:40 of 2nd period - T.J. Tynan wins face-off versus Reid Boucher in Rampage zone.
8:06 of 2nd period - Ethan Bear is hit by Dalton Thrower.
8:18 of 2nd period - Dalton Thrower is hit by Anthony Richard and loses puck.
8:34 of 2nd period - Darren Dietz is hit by Jean-Sebastien Dea and loses puck.
9:09 of 2nd period - Ondrej Kase is hit by Rourke Chartier and loses puck.
9:48 of 2nd period - Jonny Brodzinski is hit by Ethan Bear and loses puck.
10:21 of 2nd period - Wrist shot by Mason Marchment.
10:21 of 2nd period - Shot Misses the Net.
10:39 of 2nd period - Slapshot by Ethan Bear.
10:39 of 2nd period - Shot Misses the Net.
10:41 of 2nd period - Slapshot by Ethan Bear.
10:41 of 2nd period - Deflect By Artturi Lehkonen.
10:41 of 2nd period - Stopped by Calvin Pickard without a rebound.
10:42 of 2nd period - Rourke Chartier wins face-off versus Alan Quine in Devils zone.
10:43 of 2nd period - Snap shot by Dominik Simon.
10:43 of 2nd period - Shot Misses the Net.
10:57 of 2nd period - Wrist shot by Rourke Chartier.
10:57 of 2nd period - Shot Blocked by Ondrej Kase.
11:54 of 2nd period - Snap shot by Jordan Kyrou.
11:54 of 2nd period - Shot Misses the Net.
11:56 of 2nd period - Snap shot by Rourke Chartier.
11:56 of 2nd period - Shot Misses the Net.
11:58 of 2nd period - Snap shot by Dominik Simon.
11:58 of 2nd period - Stopped by Calvin Pickard with a rebound.
12:00 of 2nd period - Slapshot by Travis Sanheim.
12:00 of 2nd period - Deflect By Dominik Simon.
12:00 of 2nd period - Goal by Dominik Simon - Rampage : 1 - Devils : 4.
12:01 of 2nd period - Rourke Chartier wins face-off versus Alan Quine in neutral zone.
12:26 of 2nd period - Ondrej Kase is hit by Anthony Richard and loses puck.
12:35 of 2nd period - Snap shot by Ondrej Kase.
12:35 of 2nd period - Shot Blocked by Emil Bemstrom.
12:37 of 2nd period - Snap shot by Alan Quine.
12:37 of 2nd period - Deflect By Ondrej Kase.
12:37 of 2nd period - Stopped by Jake Oettinger with a rebound.
12:39 of 2nd period - Snap shot by Ondrej Kase.
12:39 of 2nd period - Shot Misses the Net.
13:29 of 2nd period - Snap shot by Valeri Nichushkin.
13:29 of 2nd period - Stopped by Jake Oettinger with a rebound.
13:31 of 2nd period - Snap shot by Darren Dietz.
13:31 of 2nd period - Stopped by Jake Oettinger with a rebound.
13:33 of 2nd period - Wrist shot by Ondrej Kase.
13:33 of 2nd period - Shot Misses the Net.
13:35 of 2nd period - Snap shot by Dalton Thrower.
13:35 of 2nd period - Stopped by Jake Oettinger without a rebound.
13:36 of 2nd period - Miikka Salomaki wins face-off versus T.J. Tynan in Rampage zone.
13:57 of 2nd period - Minor Penalty to Reid Boucher for Interference.
13:58 of 2nd period - Jonny Brodzinski wins face-off versus Rourke Chartier in Devils zone.
14:29 of 2nd period - Snap shot by Ryan Lomberg.
14:29 of 2nd period - Stopped by Calvin Pickard with a rebound.
14:31 of 2nd period - Slapshot by Travis Sanheim.
14:31 of 2nd period - Deflect By Miikka Salomaki.
14:31 of 2nd period - Goal by Travis Sanheim - Rampage : 2 - Devils : 4.
14:32 of 2nd period - Rourke Chartier wins face-off versus Reid Boucher in neutral zone.
14:43 of 2nd period - Snap shot by Miikka Salomaki.
14:43 of 2nd period - Stopped by Jake Oettinger with a rebound.
14:45 of 2nd period - Slapshot by Joonas Donskoi.
14:45 of 2nd period - Stopped by Jake Oettinger with a rebound.
14:47 of 2nd period - Snap shot by Joonas Donskoi.
14:47 of 2nd period - Stopped by Jake Oettinger with a rebound.
14:59 of 2nd period - Dylan Sikura is hit by Conor Garland and loses puck.
15:29 of 2nd period - Wrist shot by Pierre Engvall.
15:29 of 2nd period - Shot Misses the Net.
16:29 of 2nd period - Minor Penalty to T.J. Tynan for High sticking.
16:30 of 2nd period - Artturi Lehkonen wins face-off versus Ondrej Kase in Rampage zone.
18:29 of 2nd period - Penalty to T.J. Tynan is over, T.J. Tynan is back on ice.
19:02 of 2nd period - Off-side.
19:03 of 2nd period - Brett Howden wins face-off versus Jean-Sebastien Dea in neutral zone.
19:08 of 2nd period - Slapshot by Eeli Tolvanen.
19:08 of 2nd period - Stopped by Jake Oettinger with a rebound.
19:36 of 2nd period - Slapshot by Travis Sanheim.
19:36 of 2nd period - Stopped by Calvin Pickard with a rebound.
19:42 of 2nd period - Snap shot by Ryan Lomberg.
19:42 of 2nd period - Stopped by Calvin Pickard without a rebound.
19:43 of 2nd period - Alan Quine wins face-off versus Rourke Chartier in Devils zone.
19:52 of 2nd period - Dominik Simon is hit by Valeri Nichushkin and loses puck.
Goals for this period are 2 for Rampage vs 1 for Devils.
Shots for this period are 8 for Rampage vs 11 for Devils.
3rd period
0:01 of 3rd period - Jordan Kyrou wins face-off versus Alan Quine in neutral zone.
0:14 of 3rd period - Snap shot by Alan Quine.
0:14 of 3rd period - Deflect By Ondrej Kase.
0:14 of 3rd period - Shot Misses the Net.
0:14 of 3rd period - Puck is out of play.
0:15 of 3rd period - Reid Boucher wins face-off versus T.J. Tynan in Rampage zone.
0:27 of 3rd period - Off-side.
0:28 of 3rd period - Ondrej Kase wins face-off versus Rourke Chartier in neutral zone.
0:31 of 3rd period - Slapshot by Damon Severson.
0:31 of 3rd period - Stopped by Jake Oettinger without a rebound.
0:32 of 3rd period - Rourke Chartier wins face-off versus Alan Quine in Rampage zone.
2:04 of 3rd period - Dominik Simon is hit by Jake Bean and loses puck.
2:09 of 3rd period - Snap shot by Joonas Donskoi.
2:09 of 3rd period - Shot Misses the Net.
2:11 of 3rd period - Snap shot by Reid Boucher.
2:11 of 3rd period - Shot Blocked by Ethan Bear.
2:13 of 3rd period - Snap shot by Joonas Donskoi.
2:13 of 3rd period - Shot Blocked by Jordan Kyrou.
2:15 of 3rd period - Backhand shot by Miikka Salomaki.
2:15 of 3rd period - Stopped by Jake Oettinger with a rebound.
3:10 of 3rd period - Icing by Pierre Engvall.
3:11 of 3rd period - Anthony Richard wins face-off versus Alan Quine in Rampage zone.
3:11 of 3rd period - Anthony Richard is hit by Alan Quine.
3:35 of 3rd period - Wrist shot by Emil Bemstrom.
3:35 of 3rd period - Shot Blocked by Joonas Donskoi.
3:49 of 3rd period - Snap shot by Miikka Salomaki.
3:49 of 3rd period - Stopped by Jake Oettinger with a rebound.
4:09 of 3rd period - Snap shot by Rourke Chartier.
4:09 of 3rd period - Shot Misses the Net.
4:27 of 3rd period - Brett Howden is hit by Connor Murphy and loses puck.
4:40 of 3rd period - Brett Howden is hit by Pierre-Luc Dubois and loses puck.
4:58 of 3rd period - Minor Penalty to Mason Marchment for Tripping.
4:59 of 3rd period - Miikka Salomaki wins face-off versus Jordan Kyrou in Devils zone.
5:08 of 3rd period - Snap shot by Ondrej Kase.
5:08 of 3rd period - Stopped by Jake Oettinger without a rebound.
5:09 of 3rd period - Rourke Chartier wins face-off versus Miikka Salomaki in Rampage zone.
5:26 of 3rd period - Slapshot by Travis Sanheim.
5:26 of 3rd period - Stopped by Calvin Pickard without a rebound.
5:27 of 3rd period - Artturi Lehkonen wins face-off versus Miikka Salomaki in Devils zone.
5:54 of 3rd period - Snap shot by Jordan Kyrou.
5:54 of 3rd period - Stopped by Calvin Pickard with a rebound.
5:56 of 3rd period - Backhand shot by Dominik Simon.
5:56 of 3rd period - Shot Misses the Net.
5:58 of 3rd period - Slapshot by Matt Roy.
5:58 of 3rd period - Stopped by Calvin Pickard without a rebound.
5:59 of 3rd period - Miikka Salomaki wins face-off versus Rourke Chartier in Devils zone.
5:59 of 3rd period - Miikka Salomaki is hit by Rourke Chartier.
6:37 of 3rd period - Wrist shot by Rourke Chartier.
6:37 of 3rd period - Shot Blocked by Darren Dietz.
6:39 of 3rd period - Backhand shot by Rourke Chartier.
6:39 of 3rd period - Shot Misses the Net.
6:41 of 3rd period - Wrist shot by Matt Roy.
6:41 of 3rd period - Deflect By Miikka Salomaki.
6:41 of 3rd period - Stopped by Calvin Pickard without a rebound.
6:42 of 3rd period - Ryan Lomberg wins face-off versus Miikka Salomaki in Devils zone.
6:58 of 3rd period - Penalty to Mason Marchment is over, Mason Marchment is back on ice.
7:07 of 3rd period - Mason Marchment is hit by Anthony Richard and loses puck.
7:16 of 3rd period - Snap shot by Anthony Richard.
7:16 of 3rd period - Shot Blocked by Robbie Russo.
7:58 of 3rd period - T.J. Tynan is hit by Dalton Thrower.
8:12 of 3rd period - Dominik Simon is hit by Christian Wolanin and loses puck.
8:50 of 3rd period - Minor Penalty to Ethan Bear for Hooking.
8:51 of 3rd period - Alan Quine wins face-off versus T.J. Tynan in Rampage zone.
10:50 of 3rd period - Penalty to Ethan Bear is over, Ethan Bear is back on ice.
10:51 of 3rd period - Ethan Bear is hit by Alan Quine and loses puck.
11:02 of 3rd period - Snap shot by Anthony Richard.
11:02 of 3rd period - Stopped by Calvin Pickard without a rebound.
11:03 of 3rd period - Rourke Chartier wins face-off versus Brett Howden in Devils zone.
11:09 of 3rd period - Minor Penalty to Eeli Tolvanen for Hooking.
11:10 of 3rd period - Miikka Salomaki wins face-off versus Rourke Chartier in Devils zone.
11:43 of 3rd period - Wrist shot by Rourke Chartier.
11:43 of 3rd period - Shot Misses the Net.
11:45 of 3rd period - Slapshot by Travis Sanheim.
11:45 of 3rd period - Shot Misses the Net.
11:47 of 3rd period - Slapshot by Jordan Kyrou.
11:47 of 3rd period - Shot Misses the Net.
11:49 of 3rd period - Snap shot by Rourke Chartier.
11:49 of 3rd period - Shot Blocked by Robbie Russo.
12:15 of 3rd period - Snap shot by Ryan Lomberg.
12:15 of 3rd period - Stopped by Calvin Pickard with a rebound.
12:17 of 3rd period - Snap shot by Ryan Lomberg.
12:17 of 3rd period - Shot Misses the Net.
13:09 of 3rd period - Penalty to Eeli Tolvanen is over, Eeli Tolvanen is back on ice.
14:06 of 3rd period - Artturi Lehkonen is hit by Brett Howden and loses puck.
14:15 of 3rd period - Icing by Mason Marchment.
14:16 of 3rd period - Brett Howden wins face-off versus Rourke Chartier in Devils zone.
14:23 of 3rd period - Slapshot by Travis Sanheim.
14:23 of 3rd period - Stopped by Calvin Pickard with a rebound.
14:25 of 3rd period - Slapshot by Jordan Kyrou.
14:25 of 3rd period - Shot Misses the Net.
14:29 of 3rd period - Snap shot by Dominik Simon.
14:29 of 3rd period - Shot Misses the Net.
14:39 of 3rd period - Mason Marchment is hit by Collin Miller.
14:49 of 3rd period - Snap shot by Anthony Richard.
14:49 of 3rd period - Stopped by Calvin Pickard without a rebound.
14:50 of 3rd period - Alan Quine wins face-off versus Dylan Sikura in Devils zone.
14:50 of 3rd period - Alan Quine is hit by Dylan Sikura.
14:51 of 3rd period - Alan Quine from Devils is injured at 14:51 of 3rd period (Bruised Left Leg).
14:52 of 3rd period - Rourke Chartier wins face-off versus Conor Garland in Devils zone.
14:57 of 3rd period - Wrist shot by Jordan Kyrou.
14:57 of 3rd period - Shot Blocked by Ondrej Kase.
14:59 of 3rd period - Wrist shot by Dominik Simon.
14:59 of 3rd period - Stopped by Calvin Pickard with a rebound.
15:01 of 3rd period - Slapshot by Travis Sanheim.
15:01 of 3rd period - Shot Misses the Net.
15:03 of 3rd period - Backhand shot by Rourke Chartier.
15:03 of 3rd period - Goal by Rourke Chartier - Rampage : 3 - Devils : 4.
15:04 of 3rd period - Emil Bemstrom wins face-off versus Jonny Brodzinski in neutral zone.
15:17 of 3rd period - Slapshot by Emil Bemstrom.
15:17 of 3rd period - Stopped by Calvin Pickard without a rebound.
15:18 of 3rd period - Conor Garland wins face-off versus Rourke Chartier in Devils zone.
15:18 of 3rd period - Conor Garland is hit by Dominik Simon.
15:21 of 3rd period - Minor Penalty to Ilya Lyubushkin for Slashing.
15:22 of 3rd period - Miikka Salomaki wins face-off versus Rourke Chartier in Devils zone.
15:30 of 3rd period - Wrist shot by Dominik Simon.
15:30 of 3rd period - Stopped by Calvin Pickard without a rebound.
15:31 of 3rd period - Rourke Chartier wins face-off versus Miikka Salomaki in Devils zone.
16:12 of 3rd period - Snap shot by Darren Dietz.
16:12 of 3rd period - Stopped by Jake Oettinger with a rebound.
17:21 of 3rd period - Penalty to Ilya Lyubushkin is over, Ilya Lyubushkin is back on ice.
18:23 of 3rd period - T.J. Tynan is hit by Ondrej Kase and loses puck.
18:54 of 3rd period - Rampage, Jake Oettinger is pulled from the net.
19:01 of 3rd period - Minor Penalty to Jake Bean for Holding.
19:02 of 3rd period - Miikka Salomaki wins face-off versus T.J. Tynan in Devils zone.
19:20 of 3rd period - Slapshot by Vladislav Gavrikov.
19:20 of 3rd period - Deflect By Brett Seney.
19:20 of 3rd period - Stopped by Calvin Pickard with a rebound.
19:22 of 3rd period - Slapshot by Matt Roy.
19:22 of 3rd period - Shot Misses the Net.
19:24 of 3rd period - Slapshot by Vladislav Gavrikov.
19:24 of 3rd period - Deflect By Brett Howden.
19:24 of 3rd period - Stopped by Calvin Pickard with a rebound.
19:52 of 3rd period - Miikka Salomaki is hit by Dominik Simon and loses puck.
Goals for this period are 1 for Rampage vs 0 for Devils.
Shots for this period are 14 for Rampage vs 5 for Devils.